 Dungeon Crawl Stone Soup version bcrawl-1.38.1 (webtiles) character file.

Game seed: 13724488773540166873

600044 Morbidden the Grappler (level 15, -11/140 HPs)
             Began as a Troll Archaeologist on Apr 4, 2023.
             Was the Champion of Cheibriados.
             Mangled by a wolf spider (24 damage)
             ... on level 1 of the Spider Nest.
             The game lasted 00:34:59 (19026 turns).

Morbidden the Grappler (Troll Archaeologist)       Turns: 19026, Time: 00:34:59

Health: -11/140    AC:  6    Str: 43    XL:     15   Next: 50%
Magic:  23/23      EV: 21    Int: 26    God:    Cheibriados [******]
Gold:   1364       SH: 30    Dex: 34    Spells: 17/26 levels left

rFire    . . .     GDR:     43%   - Claws (43.5)
rCold    . . .     SeeInvis .   F - +8 large shield "Ifedd" {Dex+4 Stlth+}
rNeg     . . .     Gourm    +   (armour unavailable)
rPois    +         Faith    .   c - +2 hat
rElec    .         Spirit   .   R - +2 cloak {rPois}
rCorr    .         Reflect  .   (gloves unavailable)
MR       +....     Clarity  +   (boots unavailable)
Stlth    +++++.....             X - amulet of regeneration
HPRegen  1.82/turn              O - ring "Nalap" {EV+3 Str-2 Dex+7 Slay+4}
MPRegen  0.18/turn              k - +6 ring of protection

@: lethally poisoned (-11 -> -12), corroded, studying Throwing, very slow
A: large, almost no armour, claws 3, camouflage 1, fast metabolism 3, gourmand,
poison resistance, regeneration 2, strong 1, AC +11
a: Bend Time, Defer, Temporal Distortion, Step From Time, Renounce Religion


You were on level 1 of the Spider Nest.
You worshipped Cheibriados.
Cheibriados was exalted by your worship.
You were full.

You visited 5 branches of the dungeon, and saw 21 of its levels.
You also visited: Sewer, Bailey and Gauntlet.

You collected 2084 gold pieces.
You spent 720 gold pieces at shops.

Inventory:

Hand Weapons
 b - a +7 hunting sling of flaming
 V - a +1 blowgun
Missiles
 d - 6 curare-tipped needles
 j - 196 poisoned needles
 m - 2691 stones
 n - 1408 sling bullets
 p - 291 large rocks
 A - 319 poisoned tomahawks
 G - 544 javelins (quivered)
 U - 1223 arrows
Armour
 c - a +2 hat (worn)
 F - the +8 large shield "Ifedd" (worn) {Dex+4 Stlth+}
   (You took it off an orc on level 5 of the Dungeon)

   It affects your dexterity (+4).
   It makes you more stealthy.
 R - a +2 cloak of poison resistance (worn)
Jewellery
 i - a cursed ring of insulation
 k - a +6 ring of protection (right claw)
 y - the ring of Wiabbo {MR+ MP+9 Dex+4}
   (You found it on level 1 of the Spider Nest)

   [ring of magical power]

   It affects your dexterity (+4).
   It affects your resistance to hostile enchantments.
   It affects your magic capacity (+9).
 z - the ring "Estot" {Ice rElec Str-5 Dex+4}
   (You found it on level 4 of the Dungeon)

   [ring of ice]

   It enhances your ice magic.
   It affects your strength (-5).
   It affects your dexterity (+4).
   It makes you vulnerable to fire.
   It protects you from cold.
   It insulates you from electricity.
 C - an uncursed ring of flight
 L - an uncursed ring of stealth
 N - an uncursed ring of ice
 O - the ring "Nalap" (left claw) {EV+3 Str-2 Dex+7 Slay+4}
   (You found it in a Gauntlet)

   [ring of evasion]

   It affects your evasion (+3).
   It affects your strength (-2).
   It affects your dexterity (+7).
   It affects your accuracy and damage with ranged weapons and melee attacks
   (+4).
 Q - the ring "Kuhakh" {*Tele rC++}
   (You took it off a minotaur in a Gauntlet)

   [ring of teleportation]

   It may teleport you next to monsters.
   It greatly protects you from cold.
 S - an uncursed ring of magical power
 T - an uncursed ring of protection from magic
 X - an amulet of regeneration (around neck)
Wands
 h - a wand of random effects (8)
 K - a wand of digging (11)
 W - a wand of flame (18)
 Z - a wand of disintegration (6)
Scrolls
 a - 2 scrolls of summoning {unknown}
 g - 3 scrolls of magic mapping
 l - 5 scrolls of blinking
 o - 10 scrolls of teleportation
 r - 12 scrolls of remove curse
 s - 6 scrolls of enchant armour
 u - 3 scrolls of fog {unknown}
 D - 3 scrolls of noise {unknown}
 H - 2 scrolls of amnesia
 I - 2 scrolls of immolation {unknown}
Potions
 f - 3 potions of degeneration
 q - 6 potions of flight
 t - 4 potions of curing
 w - a potion of heal wounds
 x - 6 potions of mutation
 B - 4 potions of might {unknown}
 E - a potion of cancellation {unknown}
 J - 2 potions of resistance {unknown}
 M - 3 potions of agility
 Y - a potion of haste {unknown}
Miscellaneous
 P - a box of beasts
Comestibles
 e - 47 rations {!d}


   Skills:
 * Level 7.2 Fighting
   Level 1.0 Maces & Flails
 + Level 5.8(8.0) Slings
 * Level 11.0(11.9) Throwing
 * Level 8.9 Dodging
 + Level 3.1 Stealth
 * Level 7.5 Shields
 * Level 11.3 Unarmed Combat
 * Level 6.0 Spellcasting
 + Level 2.3 Charms
 + Level 5.1 Necromancy
 * Level 4.0 Transmutations
 * Level 5.8 Earth Magic
 * Level 6.3 Evocations


You had 17 spell levels left.
You knew the following spells:

 Your Spells              Type           Power        Failure   Level  Hunger
a - Regeneration          Chrm/Necr      ####......   75%         3    ##.....
b - Statue Form           Tmut/Erth      ####.....    100%        6    #######

Your spell library contained the following spells:

 Spells                   Type           Power        Failure   Level  Hunger
 Infusion                 Chrm           ###.....     56%         1    None
 Song of Slaying          Chrm           ###.....     71%         2    None
 Swiftness                Chrm/Air       ##......     85%         2    None
 Sting                    Conj/Pois      #...         86%         1    None
 Petrify                  Tmut/Erth      ####......   92%         4    ####...
 Poisonous Vapours        Pois/Air       #.....       95%         2    None
 Ignite Poison            Fire/Tmut/Pois ##......     96%         3    ##.....
 Ozocubu's Armour         Chrm/Ice       ##......     97%         3    ##.....
 Spectral Weapon          Hex/Chrm       ##......     97%         3    ##.....
 Confuse                  Hex            #.......     99%         3    ##.....
 Dazzling Orbs            Conj/Hex       #......      99%         3    ##.....
 Olgreb's Toxic Radiance  Pois           #........    100%        4    ####...
 Summon Scorpions         Summ/Pois      #.......     100%        4    ####...
 Tree Form                Hex/Tmut       N/A          100%        4    ####...
 Yara's Violent Unravell  Hex/Tmut       ###.......   100%        4    ####...
 Silence                  Hex/Air        #.........   100%        5    #####..
 Venom Bolt               Conj/Pois      #.........   100%        5    #####..
 Dragon Form              Tmut           ####...      100%        7    #######
 Necromutation            Tmut/Necr      ####....     100%        8    #######


Dungeon Overview and Level Annotations

Branches:
Dungeon (12/12)            Temple (1/1) D:7            Lair (6/6) D:7
  Swamp (0/3) Lair:4       Spider (1/3) Lair:2        Slime (0/5) Lair:6
    Orc (1/1) D:11            Elf (0/3) Orc          Vaults (0/3) D:12
 Depths (0/5) D:12

Altars:
Ashenzari
Cheibriados
Dithmenos
Fedhas
Gozag
Hepliaklqana
Makhleb
Nemelex Xobeh
Okawaru
Ru
Sif Muna
Uskayaw
Vehumet
Wu Jian
Xom
Yredelemnul
Zin
The Shining One
Jiyva

Shops:
D:5 (   Orc *!=%?*(

Annotations:
D:12 Rupert
Lair:4 exclusions: 2 electric eels and 6 more exclusions
Spider:1 exclusion: orange crystal statue


Innate Abilities, Weirdness & Mutations

You cannot wear most types of armour.
Your thick skin is tough. (AC +11)
You are too large for most types of armour.
You have claws for hands.
Your metabolism is lightning-fast.
You like to eat raw meat.
You heal very quickly.
Your skin changes colour to match your surroundings (Stealth+).
Your system is resistant to poisons. (rPois)
Your muscles are strong. (Str +2)


Message History

You block the demonic crawler's attack. The demonic crawler hits you.
The demonic crawler misses you.
The wolf spider rages.
Unknown command.
You scratch the worker ant.
The worker ant is lightly wounded.
You block the wolf spider's attack. The wolf spider bites you!
You block the worker ant's attack.
The demonic crawler hits you but does no damage.
The demonic crawler hits you! You block the demonic crawler's attack.
You hear a grinding noise.
The wolf spider hits you!!
* * * LOW HITPOINT WARNING * * *
You block the wolf spider's attack. The worker ant barely misses you.
The demonic crawler barely misses you.
The demonic crawler hits you but does no damage.
The demonic crawler hits you!
* * * LOW HITPOINT WARNING * * *
The wolf spider hits you!!
You die...

#...#.....≈≈.....#..........
###s†s..≈≈≈≈≈..#^......##...
###s#s..#≈#≈....#...##...≈
#asa.s.≈#≈#.......##..##
#say..#≈≈...#...###≈###
#ssssaa#≈#..##### ###
#ass#s##≈###


#ssssa### ##@# ### You could see an emperor scorpion (berserk), a queen ant, an
entropy weaver, 4 demonic crawlers, 2 wolf spiders, a moth of wrath, a
tarantella, 9 redbacks, a soldier ant and 4 worker ants.

Vanquished Creatures
  A sphinx (D:12)
  An orc warlord (Orc)
  An emperor scorpion (Lair:2)
  An eye of devastation (shapeshifter) (D:12)
  A spark wasp (Lair:2)
  A minotaur (Gauntlet)
  An entropy weaver (Lair:2)
  An ettin (Orc)
  A green death (Gauntlet)
  Urug (D:10)
  Josephine (D:10)
  4 catoblepae (Lair:6)
  2 hydras
  An alligator (shapeshifter) (D:12)
  A tengu warrior (D:12)
  2 ogre magi (Orc)
  7 two-headed ogres (Orc)
  10 death yaks (Lair:6)
  A deep troll (Orc)
  2 centaur warriors
  An iron troll (Orc)
  2 wizards (Gauntlet)
  A wolf spider zombie (D:12)
  5 cyclopes
  3 ugly things
  An orc knight (Bailey)
  4 orb spiders (Spider:1)
  5 wolf spiders
  An oklob plant (Lair:4)
  5 manticores
  A salamander (D:12)
  A moth of wrath (Spider:1)
  12 elephants
  3 black mambas
  9 cane toads
  A gargoyle (D:11)
  A torpor snail (Lair:6)
  An efreet (D:12)
  A rime drake (Lair:6)
  9 jumping spiders
  A yaktaur (D:10)
  2 demonic crawlers (Lair:2)
  7 komodo dragons
  A queen bee (Spider:1)
  3 meliai
  11 trolls
  Grinder (D:4)
  A hornet (Spider:1)
  A polar bear (Lair:2)
  2 harpy skeletons (D:12)
  A troll (shapeshifter) (D:12)
  3 blink frogs (Lair:4)
  15 hippogriffs
  9 dream sheep
  A shadow (D:12)
  36 yaks
  6 tarantellas
  A yak (shapeshifter) (D:12)
  5 wraiths (D:10)
  3 basilisks
  A wyvern (Lair:2)
  16 redbacks
  A hungry ghost (D:12)
  12 crocodiles
  6 water moccasins
  8 porcupines
  A cane toad skeleton (D:6)
  A black bear (shapeshifter) (D:12)
  14 orc warriors
  2 ice beasts (D:6)
  A sky beast (D:5)
  4 black bears
  2 necrophages
  A phantom (D:10)
  28 wolves
  23 ogres
  15 bullfrogs
  2 kobold brigands
  Blork the orc (D:4)
  5 centaurs
  6 scorpions
  A wyvern skeleton (D:7)
  42 killer bees
  7 orc priests
  3 electric eels
  A howler monkey (D:4)
  2 crimson imps
  A bullfrog zombie (D:6)
  8 hounds
  3 jellies
  14 orc wizards
  A gnoll shaman (D:4)
  3 iguanas
  11 worker ants
  6 hell rats
  A hound skeleton (D:6)
  5 worker ant zombies
  17 gnolls
  8 adders
  A howler monkey skeleton (D:6)
  6 river rats
  9 shadow imps
  4 white imps (Gauntlet)
  3 oozes (Sewer)
  2 adder zombies
  An adder skeleton (D:7)
  12 worms
  2 dart slugs
  5 leopard geckos
  62 orcs
  9 bats
  12 giant cockroaches
  7 goblins
  6 hobgoblins
  7 jackals
  19 kobolds
  5 quokkas
  A ball python (Sewer)
  4 frilled lizards
  A quokka skeleton (D:4)
  8 rats
688 creatures vanquished.

Vanquished Creatures (others)
  16 fungi
  16 plants
32 creatures vanquished.

Grand Total: 720 creatures vanquished

Notes
Turn   | Place    | Note
-------+----------+-------------------------------------------
     0 | D:1      | Morbidden the Troll Archaeologist began the quest for the
                  | Orb.
     0 | D:1      | Reached XP level 1. HP: 18/18 MP: 0/0
   202 | D:2      | Found a faded altar of an unknown god.
   398 | D:2      | Reached XP level 2. HP: 14/26 MP: 1/1
   465 | D:2      | Reached skill level 1 in Fighting
   465 | D:2      | Reached XP level 3. HP: 11/33 MP: 2/2
   704 | D:2      | Found an ornate altar of the Wu Jian Council.
  1065 | D:2      | Reached skill level 1 in Unarmed Combat
  1233 | D:1      | Gained mutation: Your natural rate of healing is unusually
                  | fast. [Troll growth]
  1233 | D:1      | Reached XP level 4. HP: 37/41 MP: 3/3
  2242 | D:4      | Noticed Grinder
  2273 | D:4      | Gained mutation: Your skin changes colour to match your
                  | surroundings (Stealth+). [potion of mutation]
  2273 | D:4      | Gained mutation: Your system is resistant to poisons.
                  | (rPois) [potion of mutation]
  2273 | D:4      | Gained mutation: Your muscles are strong. (Str +2) [potion
                  | of mutation]
  2291 | D:4      | Reached XP level 5. HP: 39/48 MP: 5/5
  2291 | D:4      | Identified a scroll of acquirement
  2302 | D:4      | Reached skill level 1 in Throwing
  2303 | D:4      | Killed Grinder
  2304 | D:4      | Reached skill level 1 in Spellcasting
  2304 | D:4      | Reached skill level 1 in Evocations
  2304 | D:4      | Reached XP level 6. HP: 43/57 MP: 6/6
  2390 | D:4      | Found a glowing drain.
  2396 | Sewer    | Entered a sewer
  2886 | Sewer    | Reached XP level 7. HP: 63/63 MP: 8/8
  3143 | D:4      | Got a translucent lead ring
  3144 | D:4      | Identified the ring "Estot" {Ice rElec Str-5 Dex+4} (You
                  | found it on level 4 of the Dungeon)
  3269 | D:5      | Entered Level 5 of the Dungeon
  3389 | D:4      | Noticed Blork the orc
  3404 | D:4      | Killed Blork the orc
  3768 | D:5      | Reached skill level 5 in Unarmed Combat
  3789 | D:5      | Identified the +8 large shield "Ifedd" {Dex+4 Stlth+}
  3870 | D:5      | Reached XP level 8. HP: 64/72 MP: 9/9
  4212 | D:5      | Found Gezunen's Antique Weapon Shop.
  4259 | D:5      | Bought a glowing hunting sling for 108 gold pieces
  4562 | D:6      | Reached skill level 1 in Slings
  4679 | D:5      | Reached XP level 9. HP: 33/80 MP: 11/11
  4695 | D:5      | Reached skill level 1 in Shields
  5111 | D:7      | Reached skill level 5 in Dodging
  5183 | D:7      | Found a staircase to the Ecumenical Temple.
  5192 | Temple   | Entered the Ecumenical Temple
  5294 | Temple   | Became a worshipper of Cheibriados the Contemplative
  5642 | D:7      | Reached * piety under Cheibriados
  5663 | D:7      | Reached skill level 5 in Throwing
  5693 | D:7      | Reached XP level 10. HP: 73/92 MP: 13/13
  5828 | D:7      | Found a staircase to the Lair.
  5942 | D:8      | Noticed a centaur warrior
  5956 | D:8      | Killed a centaur warrior
  6086 | D:8      | Reached ** piety under Cheibriados
  6299 | D:8      | Found a sacrificial altar of Ru.
  6512 | Lair:1   | Entered Level 1 of the Lair of Beasts
  6512 | Lair:1   | Noticed a cane toad
  6521 | Lair:1   | Killed a cane toad
  7273 | Lair:2   | Reached *** piety under Cheibriados
  7277 | Lair:2   | Reached XP level 11. HP: 60/100 MP: 15/15
  7522 | Lair:2   | Learned a level 3 spell: Regeneration
  7739 | Lair:2   | Found a hole to the Spider Nest.
  7803 | Lair:2   | Reached skill level 1 in Necromancy
  8202 | Spider:1 | Entered Level 1 of the Spider Nest
  8202 | Spider:1 | Noticed a wolf spider
  8206 | Spider:1 | Noticed an entropy weaver
  8229 | Lair:3   | Reached **** piety under Cheibriados
  8230 | Lair:3   | Reached skill level 1 in Charms
  8255 | Lair:3   | Reached skill level 5 in Fighting
  8309 | Lair:3   | Found a gate leading to a gauntlet.
  8332 | Gauntlet | Entered a Gauntlet
  8332 | Gauntlet | Found a transporter.
  8332 | Gauntlet | Found a transporter.
  8352 | Gauntlet | Found a transporter.
  8353 | Gauntlet | Found a transporter.
  8369 | Gauntlet | Found a transporter.
  8390 | Gauntlet | Found a transporter.
  8390 | Gauntlet | Found a transporter.
  8393 | Gauntlet | Noticed a shining eye
  8404 | Gauntlet | Noticed a wizard
  8406 | Gauntlet | Noticed a wizard
  8407 | Gauntlet | Found a transporter.
  8413 | Gauntlet | Found a transporter.
  8418 | Gauntlet | Found a transporter.
  8419 | Gauntlet | Noticed a green death
  8541 | Gauntlet | Killed a green death
  8555 | Gauntlet | Got a twitching turquoise ring
  8556 | Gauntlet | Identified the ring "Nalap" {EV+3 Str-2 Dex+7 Slay+4} (You
                  | found it in a Gauntlet)
  8669 | Gauntlet | Killed a wizard
  8671 | Gauntlet | Killed a wizard
  8702 | Gauntlet | Identified the +7 shortbow of Mana {seek, +Inv Dex+4}
  8702 | Gauntlet | Identified the ring "Kuhakh" {*Tele rC++}
  8702 | Gauntlet | Noticed a minotaur
  8719 | Gauntlet | Killed a minotaur
  8793 | Lair:3   | Reached skill level 5 in Shields
  8801 | Lair:3   | Gained mutation: You heal very quickly. [Troll growth]
  8801 | Lair:3   | Reached XP level 12. HP: 105/111 MP: 17/17
  8827 | Lair:3   | Reached ***** piety under Cheibriados
  9256 | Lair:4   | Found a staircase to the Swamp.
  9328 | Lair:4   | Learned a level 6 spell: Statue Form
  9368 | Lair:4   | Found a burning altar of Makhleb.
  9482 | Lair:4   | Reached skill level 1 in Earth Magic
  9489 | Lair:4   | Reached skill level 1 in Transmutations
 10400 | Lair:5   | Noticed a seven-headed hydra
 10405 | Lair:5   | Killed a seven-headed hydra
 10707 | Lair:5   | Reached ****** piety under Cheibriados
 10910 | Lair:5   | Reached XP level 13. HP: 120/120 MP: 19/19
 11200 | Lair:6   | Entered Level 6 of the Lair of Beasts
 11241 | Lair:6   | Reached skill level 5 in Evocations
 11360 | Lair:6   | Reached skill level 5 in Spellcasting
 11447 | Lair:6   | Reached skill level 10 in Unarmed Combat
 11878 | Lair:6   | Reached skill level 5 in Necromancy
 12044 | Lair:6   | Got a brightly glowing dagger
 12101 | Lair:6   | Found a viscous altar of Jiyva.
 12101 | Lair:6   | Found a staircase to the Slime Pits.
 12850 | D:9      | Reached XP level 14. HP: 131/131 MP: 20/20
 13294 | D:10     | Entered Level 10 of the Dungeon
 13315 | D:10     | Noticed Urug
 13323 | D:10     | Killed Urug
 13324 | D:10     | Reached skill level 5 in Slings
 13334 | D:10     | Found a flagged portal.
 13345 | Bailey   | Entered a bailey
 13836 | D:10     | Noticed Josephine
 13845 | D:10     | Killed Josephine
 14801 | D:11     | Found a staircase to the Orcish Mines.
 15039 | D:11     | Reached skill level 10 in Throwing
 15167 | D:12     | Entered Level 12 of the Dungeon
 15372 | D:12     | Found a gate to the Vaults.
 15461 | D:12     | Noticed Rupert
 15486 | D:12     | Noticed a sphinx
 15491 | D:12     | Paralysed by a sphinx for 2 turns
 15501 | D:12     | Killed a sphinx
 15637 | D:12     | Found a shattered altar of Ashenzari.
 15752 | D:12     | Found a staircase to the Depths.
 15752 | D:12     | Noticed an eye of devastation
 15762 | D:12     | Killed an eye of devastation
 16417 | Orc      | Entered the Orcish Mines
 16417 | Orc      | Found Leongutt's General Store.
 16456 | Orc      | Found a staircase to the Elven Halls.
 16569 | Orc      | Noticed an orc warlord
 16598 | Orc      | Killed an orc warlord
 16673 | Orc      | Found Vomoth's Weapon Shoppe.
 16793 | Orc      | Found Riratiwn's General Store.
 16867 | Orc      | Found Ecoklim's Jewellery Shoppe.
 16897 | Orc      | Reached skill level 5 in Earth Magic
 16952 | Orc      | Reached XP level 15. HP: 59/140 MP: 22/22
 17043 | Orc      | Found Anydyib's Magic Scroll Emporium.
 17049 | Orc      | Found Yxodur's Distillery.
 17056 | Orc      | Bought a scroll of blinking for 105 gold pieces
 17058 | Orc      | Found Exuazy's Food Shoppe.
 17331 | Orc      | Bought the ring of Uxzyhiri {rF+ rC+ EV+2 Int-2 Stlth+} for
                  | 507 gold pieces
 18870 | Spider:1 | Got a warped jade ring
 18872 | Spider:1 | Identified the ring of Wiabbo {MR+ MP+9 Dex+4} (You found
                  | it on level 1 of the Spider Nest)
 19026 | Spider:1 | Mangled by a wolf spider

Skill      XL: |  1  2  3  4  5  6  7  8  9 10 11 12 13 14 15 |
---------------+----------------------------------------------+-----
Fighting       | 1 2 3 4 5 6 7 |  7.2
Stealth        | 2 3 |  3.1
Dodging        | 3 4 5 6 7 8 |  8.9
Unarmed Combat | 1 2 3 4 5 6 7 8 9 10 11 | 11.3
Throwing       | 1 2 4 5 6 7 8 9 10 11 | 11.0
Spellcasting   | 1 2 3 4 5 6 |  6.0
Evocations     | 1 2 3 4 5 6 |  6.3
Slings         | 1 2 3 4 5 |  5.8
Shields        | 3 4 5 6 7 |  7.5
Necromancy     | 2 4 5 |  5.1
Charms         | 2 |  2.3
Earth Magic    | 2 4 5 |  5.8
Transmutations | 1 2 3 4 |  4.0
Maces & Flails | |  1.0

Action                   |  1- 3 |  4- 6 |  7- 9 | 10-12 | 13-15 || total
-------------------------+-------+-------+-------+-------+-------++-------
Melee: Unarmed           |    65 |   185 |   279 |   324 |   543 ||  1396
       Punch             |       |     1 |     2 |       |       ||     3
 Fire: Hunting sling     |       |       |   151 |   341 |   509 ||  1001
Throw: Stone             |    17 |    28 |     9 |     4 |     3 ||    61
       Javelin           |       |       |       |       |     8 ||     8
       Tomahawk          |       |       |       |       |    11 ||    11
Evoke: Wand              |       |       |       |     1 |     4 ||     5
  Use: Scroll            |       |     9 |     6 |     9 |     9 ||    33
       Potion            |       |     8 |     5 |     1 |       ||    14
 Stab: Sleeping          |     3 |     4 |     2 |     2 |       ||    11
       Invisible         |       |       |     3 |       |       ||     3
       Distracted        |       |       |       |     1 |     1 ||     2
       Petrified         |       |       |       |       |     1 ||     1
  Eat: Chunk             |     7 |    23 |    29 |    46 |    66 ||   171
Armor: Skin              |    27 |    76 |   168 |   120 |   194 ||   585
Dodge: Dodged            |    36 |   102 |    61 |   104 |   492 ||   795
Block: Large shield      |       |       |   291 |   637 |  1232 ||  2160
